 Dungeon Crawl Stone Soup version 0.23.2-33-g5129a83184 (webtiles) character file.

Game seed: 10689101662800488714

27484 Gwenloh the Blocker (level 13, -3/109 HPs)
             Began as a Formicid Fighter on July 18, 2019.
             Was a High Priest of Okawaru.
             Slain by a catoblepas (5 damage)
             ... while petrified by you
             ... on level 5 of the Lair of Beasts on July 19, 2019.
             The game lasted 01:02:16 (15981 turns).

Gwenloh the Blocker (Formicid Fighter)             Turns: 15981, Time: 01:02:17

Health: -3/109     AC: 19    Str: 29    XL:     13   Next: 66%
Magic:  13/13      EV:  2    Int:  8    God:    Okawaru [*****.]
Gold:   1049       SH:  0    Dex: 14    Spells: 12/12 levels left

rFire    x . .     SeeInvis +   J - +9 eveningstar of Day {freeze, *Noise rF- Str+7}
rCold    . . .     Gourm    .   c - +1 shield
rNeg     + + +     Faith    .   q - +0 plate armour
rPois    ∞         Spirit   .   (helmet unavailable)
rElec    .         Reflect  .   R - scarf {repulsion}
rCorr    .         Harm     .   (no gloves)
MR       +....                  L - +0 pair of boots
Stlth    ..........             (no amulet)
HPRegen  0.28/turn              i - ring of poison resistance
MPRegen  0.13/turn              y - +2 ring of protection

@: petrified, repel missiles
A: permanent stasis, dig shafts and tunnels, four strong arms, antennae 3
a: Dig, Shaft Self, Heroism, Finesse, Renounce Religion


You were on level 5 of the Lair of Beasts.
You worshipped Okawaru.
Okawaru was extremely pleased with you.
You were not hungry.

You visited 3 branches of the dungeon, and saw 18 of its levels.

You collected 1049 gold pieces.

Inventory:

Hand Weapons
 a - a +0 morningstar
 b - a +0 whip of venom
 r - the +6 mace of Famine {crush, Dex+2}
   (You found it on level 6 of the Dungeon)

   It inflicts extra damage upon your enemies.
   It affects your dexterity (+2).
 G - a cursed +7 battleaxe of freezing
 J - the +9 eveningstar of Day (weapon) {freeze, *Noise rF- Str+7}
   (Okawaru gifted it to you on level 11 of the Dungeon)

   It has been specially enchanted to freeze those struck by it, causing extra
   injury to most foes and up to half again as much damage against particularly
   susceptible opponents.
   It can also slow down cold-blooded creatures.
   It affects your strength (+7).
   It makes you vulnerable to fire.
   It may make noises in combat.
 V - the +3 halberd "Nihuvulu" {drain, Int+4 Dex+3 Stlth+, unknown}
   (Okawaru gifted it to you on level 4 of the Lair of Beasts)

   A truly terrible weapon, it drains the life of those it strikes.
   It affects your intelligence (+4).
   It affects your dexterity (+3).
   It makes you more stealthy.
 X - a +0 hunting sling
Missiles
 e - 379 stones
 k - 4 steel tomahawks
 p - 77 sling bullets
 x - 7 tomahawks (quivered)
Armour
 c - a +1 shield (worn)
 h - a +0 scale mail
 q - a +0 plate armour (worn)
 D - a +0 chain mail
 L - a +0 pair of boots (worn)
 R - a scarf of repulsion (worn)
 U - the +1 cloak of Boredom {-Cast +Fly rPois}
   (You found it on level 4 of the Lair of Beasts)

   It protects you from poison.
   It lets you fly.
   It prevents spellcasting.
Jewellery
 i - a ring of poison resistance (left hand)
 l - a +4 ring of intelligence
 y - a +2 ring of protection (right hand)
 M - an uncursed ring of positive energy {unknown}
 W - an uncursed ring of magical power {unknown}
Wands
 n - a wand of iceblast (9)
 t - a wand of enslavement (14)
 u - a wand of flame (20)
 A - a wand of random effects (13)
 C - a wand of polymorph (20)
Scrolls
 j - 12 scrolls of remove curse
 o - a scroll of acquirement {unknown}
 w - 2 scrolls of fog {unknown}
 B - 2 scrolls of immolation {unknown}
 F - 2 scrolls of summoning {unknown}
 H - 4 scrolls of amnesia {unknown}
 I - 2 scrolls of enchant armour
 K - 7 scrolls of identify
 O - a scroll of fear
Potions
 d - 3 potions of brilliance
 g - a potion of agility
 m - 2 potions of ambrosia
 s - a potion of might
 v - 7 potions of curing
 z - 3 potions of flight
 E - a potion of magic
 N - 2 potions of resistance {unknown}
 P - a potion of haste {unknown}
 Q - 2 potions of degeneration {unknown}
 T - a potion of heal wounds
Comestibles
 f - 18 rations
 S - a chunk of flesh


   Skills:
 + Level 12.4 Fighting
 + Level 11.3 Maces & Flails
 + Level 12.4 Armour
 + Level 13.4 Shields


You had 12 spell levels left.
You didn't know any spells.
Your spell library contained the following spells:

 Spells                   Type           Power        Failure   Level  Hunger
 Corona                   Hex            #......      96%         1    ##.....
 Infusion                 Chrm           #...         96%         1    ##.....
 Ensorcelled Hibernation  Hex/Ice        #.....       99%         2    ###....
 Shroud of Golubria       Chrm/Tloc      #.........   99%         2    ###....
 Song of Slaying          Chrm           #.......     99%         2    ###....
 Confuse                  Hex            #.......     100%        3    ####...
 Dazzling Spray           Conj/Hex       #.....       100%        3    ####...
 Recall                   Summ/Tloc      N/A          100%        3    ####...
 Regeneration             Chrm/Necr      #.........   100%        3    ####...
 Spectral Weapon          Hex/Chrm       #.......     100%        3    ####...
 Tukima's Dance           Hex            #.......     100%        3    ####...
 Aura of Abjuration       Summ           #.........   100%        5    ######.
 Summon Demon             Summ           #.........   100%        5    ######.
 Summon Forest            Summ/Tloc      #.........   100%        5    ######.
 Summon Mana Viper        Hex/Summ       #.......     100%        5    ######.
 Shadow Creatures         Summ           N/A          100%        6    #######


Dungeon Overview and Level Annotations

Branches:
Dungeon (12/15)            Temple (1/1) D:6            Lair (5/6) D:11
  Swamp (0/4) Lair:3       Spider (0/4) Lair:2          Orc (0/2) D:9
  Slime: Lair:5-6

Altars:
Ashenzari
Cheibriados
Dithmenos
Elyvilon
Fedhas
Gozag
Hepliaklqana
Kikubaaqudgha
Makhleb
Nemelex Xobeh
Okawaru
Qazlal
Ru
Sif Muna
Trog
Uskayaw
Vehumet
Wu Jian
Xom
Yredelemnul
Zin
The Shining One

Shops:
D:6 [

Portals:
Trove: D:10 (give +4 demon blade)

Annotations:
D:9 exclusion: orange crystal statue
D:11 3 runed translucent doors, Spirit's ghost, journeyman MiBe


Innate Abilities, Weirdness & Mutations

You cannot be hasted, slowed, berserked, paralysed or teleported.
You can dig through walls and to a lower floor.
Your four strong arms can wield two-handed weapons with a shield.
You have a pair of large antennae on your head. (SInv)


Message History

The death yak gores you but does no damage.
The yak gores you.
The death yak gores you but does no damage.
The death yak gores you!
* * * LOW HITPOINT WARNING * * *
The yak gores you but does no damage. The catoblepas gores you!
* * * LOW HITPOINT WARNING * * *
The yak barely misses you.
A death yak comes into view.
The catoblepas gores you.
* * * LOW HITPOINT WARNING * * *
The yak gores you but does no damage.
The death yak bellows!
The death yak is no longer petrified.
The catoblepas gores you!
* * * LOW HITPOINT WARNING * * *
The yak gores you but does no damage.
The death yak gores you but does no damage.
The catoblepas gores you!
You die...

#.....###.#
..#####.....#...##
...P#.......#....#.#.
#..........##....#.P..
..##.................[.
##......#..........
##.........#....#
#....YYY........#
##P.Y@.Y........#
##.PY#Y..Y.....#
####Y#......#.$.
##............
#............
##.#.#.#.#P..
#.††.........P
.............!..
.≈.≈≈≈P....#.#....


You could see 4 death yaks, a catoblepas and 4 yaks.

Vanquished Creatures
  Fannar (D:9)
  4 hydras
  Harold (D:7)
  3 two-headed ogres
  The ghost of Mlkhall the Chopper, a novice FoFi (D:5)
  A manticore (D:11)
  An ugly thing (D:11)
  An elephant (D:11)
  2 black mambas (Lair:2)
  Psyche (D:8)
  2 gargoyles
  A komodo dragon (Lair:2)
  2 spiny frogs
  A queen bee (D:9)
  15 blink frogs
  Prince Ribbit (D:6)
  6 hippogriffs
  A redback (Lair:2)
  27 yaks
  2 wyverns
  3 basilisks
  4 vampire mosquitoes (Lair:3)
  8 water moccasins
  8 porcupines
  2 sky beasts
  5 orc warriors
  A hornet zombie (D:8)
  2 ice beasts
  4 phantoms
  3 black bears
  A necrophage (D:6)
  3 ogres
  8 crocodiles
  3 centaurs
  A big kobold (D:9)
  13 bullfrogs
  A wyvern zombie (D:10)
  A wyvern skeleton (D:9)
  5 scorpions
  A water moccasin skeleton (D:4)
  15 killer bees (D:9)
  A howler monkey (D:5)
  10 wights
  3 crimson imps
  2 jellies (D:9)
  3 hounds
  A quasit (D:11)
  Crazy Yiuf (D:6)
  A bullfrog skeleton (D:9)
  8 orc priests
  9 orc wizards
  A centaur skeleton (D:9)
  Jessica (D:2)
  Terence (D:3)
  9 worker ants
  2 iguanas
  2 hound zombies
  A worker ant zombie (D:11)
  6 adders
  3 gnolls (D:3)
  A howler monkey zombie (D:6)
  2 shadow imps
  2 oozes (D:1)
  An adder zombie (D:7)
  3 worms
  2 dart slugs
  3 leopard geckos
  39 orcs
  4 giant cockroaches
  4 goblins
  5 hobgoblins
  9 jackals
  6 quokkas
  2 ball pythons (D:3)
  8 bats
  3 frilled lizards
  A jackal zombie (D:7)
  11 kobolds
  A quokka skeleton (D:8)
  5 rats
343 creatures vanquished.

Vanquished Creatures (others)
  A hound (D:4)
  An adder (D:4)
  A fungus (Lair:4)
  A plant (Lair:4)
4 creatures vanquished.

Grand Total: 347 creatures vanquished

Notes
Turn   | Place    | Note
-------+----------+-------------------------------------------
     0 | D:1      | Gwenloh the Formicid Fighter began the quest for the Orb.
     0 | D:1      | Reached XP level 1. HP: 18/18 MP: 1/1
   200 | D:1      | Reached XP level 2. HP: 24/24 MP: 2/2
   367 | D:1      | Reached skill level 4 in Shields
   371 | D:1      | Reached XP level 3. HP: 29/29 MP: 3/3
   942 | D:2      | Noticed Jessica
   956 | D:2      | Killed Jessica
   956 | D:2      | Reached XP level 4. HP: 25/37 MP: 4/4
  1067 | D:2      | Found a shadowy altar of Dithmenos.
  1655 | D:3      | Noticed Terence
  1671 | D:3      | Killed Terence
  1671 | D:3      | Reached XP level 5. HP: 34/42 MP: 5/5
  2403 | D:4      | Reached XP level 6. HP: 49/49 MP: 6/6
  2408 | D:4      | Found a bloodstained altar of Trog.
  2419 | D:4      | Reached skill level 5 in Shields
  2765 | D:4      | Reached XP level 7. HP: 48/55 MP: 7/7
  3235 | D:5      | Entered Level 5 of the Dungeon
  3297 | D:5      | Reached skill level 5 in Fighting
  3525 | D:5      | Reached skill level 5 in Armour
  3746 | D:5      | Found a shattered altar of Ashenzari.
  3762 | D:5      | Found a runed translucent gate.
  3762 | D:5      | Found a runed translucent gate.
  3764 | D:5      | Found a runed translucent gate.
  3766 | D:5      | Noticed Mlkhall's ghost (novice FoFi)
  4093 | D:5      | Killed Mlkhall's ghost
  4093 | D:5      | Reached skill level 6 in Shields
  4093 | D:5      | Reached XP level 8. HP: 8/64 MP: 8/8
  4414 | D:6      | Noticed Prince Ribbit
  4440 | D:6      | Killed Prince Ribbit
  4440 | D:6      | Reached skill level 5 in Maces & Flails
  4471 | D:6      | Reached skill level 7 in Shields
  4694 | D:6      | Found a blossoming altar of Fedhas.
  4776 | D:6      | Found Xaneix's Armour Boutique.
  4784 | D:6      | Reached XP level 9. HP: 64/71 MP: 9/9
  5192 | D:6      | Got a dazzling mace
  5193 | D:6      | Identified the +6 mace of Famine {crush, Dex+2} (You found
                  | it on level 6 of the Dungeon)
  5196 | D:6      | Found a runed translucent door.
  5197 | D:6      | Noticed Crazy Yiuf
  5407 | D:6      | Found a staircase to the Ecumenical Temple.
  5480 | D:6      | Found a basalt altar of Yredelemnul.
  5670 | D:6      | Killed Crazy Yiuf
  5732 | Temple   | Entered the Ecumenical Temple
  5917 | Temple   | Became a worshipper of Warmaster Okawaru
  6113 | D:7      | Reached skill level 8 in Shields
  6194 | D:7      | Reached * piety under Okawaru
  6477 | D:7      | Noticed a hippogriff
  6487 | D:7      | Killed a hippogriff
  6850 | D:7      | Found a radiant altar of Vehumet.
  6884 | D:7      | Reached ** piety under Okawaru
  6884 | D:7      | Reached XP level 10. HP: 75/80 MP: 10/10
  6914 | D:7      | Noticed Harold
  6967 | D:7      | Killed Harold
  6967 | D:7      | Reached skill level 9 in Shields
  7608 | D:8      | Found a stormy altar of Qazlal.
  7638 | D:8      | Noticed Psyche
  7644 | D:8      | Killed Psyche
  7714 | D:8      | Found an ancient bone altar of Kikubaaqudgha.
  7726 | D:8      | Reached *** piety under Okawaru
  7795 | D:8      | Noticed a two-headed ogre
  7819 | D:8      | Killed a two-headed ogre
  7819 | D:8      | Reached **** piety under Okawaru
  7819 | D:8      | Reached skill level 10 in Shields
  8024 | D:8      | Noticed a two-headed ogre
  8033 | D:8      | Killed a two-headed ogre
  8033 | D:8      | Reached XP level 11. HP: 88/89 MP: 8/11
  8169 | D:8      | Found an opulent altar of Gozag.
  8862 | D:9      | Noticed an orange crystal statue
  9186 | D:9      | Noticed a two-headed ogre
  9198 | D:9      | Killed a two-headed ogre
  9509 | D:9      | Reached skill level 10 in Fighting
  9517 | D:9      | Reached skill level 10 in Armour
  9846 | D:9      | Found a staircase to the Orcish Mines.
  9919 | D:9      | Reached skill level 11 in Shields
 10210 | D:9      | Reached ***** piety under Okawaru
 10249 | D:10     | Entered Level 10 of the Dungeon
 10253 | D:10     | Noticed Fannar
 10604 | D:9      | Killed Fannar
 11288 | D:10     | Found a portal to a secret trove of treasure.
 11718 | D:11     | Reached XP level 12. HP: 98/98 MP: 12/12
 11788 | D:11     | Received a gift from Okawaru
 11812 | D:11     | Got a steaming eveningstar {god gift}
 11813 | D:11     | Identified the +9 eveningstar of Day {freeze, *Noise rF-
                  | Str+7} (Okawaru gifted it to you on level 11 of the
                  | Dungeon)
 11923 | D:11     | Found a staircase to the Lair.
 12251 | D:11     | Found a runed translucent gate.
 12254 | D:11     | Found a runed translucent gate.
 12254 | D:11     | Found a runed translucent gate.
 12257 | D:11     | Noticed Spirit's ghost (journeyman MiBe)
 12525 | Lair:1   | Entered Level 1 of the Lair of Beasts
 12675 | Lair:1   | Reached skill level 10 in Maces & Flails
 12675 | Lair:1   | Reached skill level 12 in Shields
 13273 | Lair:2   | Found a hole to the Spider Nest.
 13314 | Lair:2   | Received a gift from Okawaru
 13659 | Lair:2   | Noticed a seven-headed hydra
 13673 | Lair:2   | Killed a seven-headed hydra
 14302 | Lair:3   | Reached XP level 13. HP: 97/106 MP: 13/13
 14442 | Lair:3   | Noticed a seven-headed hydra
 14448 | Lair:3   | Killed a seven-headed hydra
 14452 | Lair:3   | Noticed a four-headed hydra
 14460 | Lair:3   | Killed a four-headed hydra
 14497 | Lair:3   | Reached skill level 13 in Shields
 14621 | Lair:3   | Found a dark tunnel.
 14761 | Lair:3   | Noticed a five-headed hydra
 14766 | Lair:3   | Killed a five-headed hydra
 14833 | Lair:3   | Found a staircase to the Swamp.
 15228 | Lair:4   | Got a scorched cloak
 15252 | Lair:4   | Identified the +1 cloak of Boredom {-Cast +Fly rPois} (You
                  | found it on level 4 of the Lair of Beasts)
 15459 | Lair:4   | Received a gift from Okawaru
 15460 | Lair:4   | Got an encrusted halberd {god gift}
 15940 | Lair:5   | Noticed a catoblepas
 15980 | Lair:5   | HP: 2/109 [catoblepas (8)]
 15981 | Lair:5   | Slain by a catoblepas

Skill      XL: |  1  2  3  4  5  6  7  8  9 10 11 12 13 |
---------------+----------------------------------------+-----
Shields        | 4 5 6 7 8 10 11 12 13 | 13.4
Fighting       | 4 6 7 9 10 11 12 | 12.4
Armour         | 4 5 6 7 9 10 11 12 | 12.4
Maces & Flails | 3 4 5 6 8 9 10 11 | 11.3

Action                   |  1- 3 |  4- 6 |  7- 9 | 10-12 | 13-15 || total
-------------------------+-------+-------+-------+-------+-------++-------
Melee: Flail             |     9 |    25 |       |       |       ||    34
       Short sword       |    67 |    94 |    82 |       |       ||   243
       Morningstar       |       |       |    78 |       |       ||    78
       Whip              |       |       |    42 |       |       ||    42
       Mace              |       |       |   116 |   549 |       ||   665
       Eveningstar       |       |       |       |   126 |   132 ||   258
Throw: Stone             |     7 |     2 |       |       |       ||     9
Invok: Heroism           |       |       |       |    12 |     4 ||    16
       Finesse           |       |       |       |     1 |     1 ||     2
  Use: Scroll            |       |     2 |    12 |     4 |       ||    18
       Potion            |       |       |     1 |     2 |     1 ||     4
  Eat: Chunk             |       |     6 |    10 |    23 |     7 ||    46
       Ration            |       |       |     1 |       |       ||     1
Armor: Scale mail        |    29 |    24 |    10 |       |       ||    63
       Chain mail        |       |       |    56 |       |       ||    56
       Plate armour      |       |       |    49 |   244 |    58 ||   351
Dodge: Dodged            |    20 |    29 |    53 |   131 |    34 ||   267
Block: Shield            |    28 |    32 |   150 |   367 |   109 ||   686
